 Dungeon Crawl Stone Soup version 0.30-a0-634-g8abc85282e (webtiles) character file.

Game seed: 7199931040281756943

200 mampy3000 the Chopper (level 5, 0/48 HPs)
             Began as a Minotaur Berserker on Jan 14, 2023.
             Was a Priest of Trog.
             Shot with an arrow by a centaur (12 damage)
             ... on level 4 of the Dungeon.
             The game lasted 00:05:45 (3053 turns).

mampy3000 the Chopper (Minotaur Berserker)          Turns: 3053, Time: 00:05:46

Health: 0/48       AC:  6    Str: 20    XL:     5   Next: 49%
Magic:  4/4        EV: 12    Int:  7    God:    Trog [***...]
Gold:   151        SH:  0    Dex: 14    Spells: 4/4 levels left

rFire   . . .      SeeInvis .    c - +7 whip "Afess" {heavy, +Blink rElec Will++ Int+3}
rCold   + . .      Faith    .    (no shield)
rNeg    . . .      Spirit   .    h - +0 ring mail of the Slightly Bent {+Inv rC+ Str-2 Dex+3}
rPois   .          Reflect  .    (helmet restricted)
rElec   +          Harm     .    (no cloak)
rCorr   .          Rampage  .    m - +0 pair of gloves
Will    ++...                    (no boots)
Stlth   +                        (no amulet)
HPRegen 0.28/turn                (no ring)
MPRegen 0.09/turn                (no ring)

@: no status effects
A: horns 2, retaliatory headbutt
a: Renounce Religion, Evoke Blink, Evoke Invisibility, Berserk, Trog's Hand


You were on level 4 of the Dungeon.
You worshipped Trog.
Trog was most pleased with you.
You visited 1 branch of the dungeon, and saw 4 of its levels.

You collected 151 gold pieces.

Inventory:

Hand Weapons
 a - a +0 hand axe
 c - the +7 whip "Afess" (weapon) {heavy, +Blink rElec Will++ Int+3}
   (You found it on level 2 of the Dungeon)

   Int:       It affects your intelligence (+3).
   rElec:     It insulates you from electricity.
   +Blink:    It lets you blink.
   Will:      It greatly increases your willpower.
Missiles
 k - 5 javelins (quivered)
Armour
 b - a +0 animal skin
 h - the +0 ring mail of the Slightly Bent (worn) {+Inv rC+ Str-2 Dex+3}
   (You found it on level 2 of the Dungeon)

   Str:       It affects your strength (-2).
   Dex:       It affects your dexterity (+3).
   rC:        It protects you from cold.
   +Inv:      It lets you turn invisible.
 m - a +0 pair of gloves (worn)
Jewellery
 q - a ring of protection from fire
Scrolls
 d - a scroll of enchant armour
 e - 3 scrolls of amnesia
 j - 3 scrolls of noise {unknown}
 l - a scroll of identify
 o - a scroll of teleportation
Potions
 f - a potion of cancellation {unknown}
 g - a potion of curing {unknown}
 i - a potion of resistance {unknown}
 n - 2 potions of brilliance {unknown}
 p - a potion of heal wounds {unknown}


   Skills:
 + Level 5.0 Fighting
 + Level 5.4 Axes
 + Level 0.1(3.3) Maces & Flails
 + Level 3.3 Armour
 + Level 3.0 Dodging
 + Level 0.8 Stealth


You had 4 spell levels left.
You didn't know any spells.
Your spell library was empty.

Dungeon Overview and Level Annotations

Branches:
Dungeon (3/15)

Altars:


Innate Abilities, Weirdness & Mutations

You have a pair of horns on your head.
You reflexively headbutt those who attack you in melee.


Message History

You now have 151 gold pieces (gained 4).
You open the door.
There is an open door here.
You open the door.
There is an open door here.
You open the door.
There is an open door here.
Found a stone staircase leading down.
You open the large door.
A goblin comes into view. It is wielding a +0 club.
The goblin shouts!
You hear a shout!
A quokka comes into view.
A centaur comes into view.
There is a large open door here.
There are monsters nearby!
The centaur wields a +0 shortbow.
The centaur shoots an arrow.
The arrow hits you!
There is a large open door, spattered with blood here.
The centaur shoots an arrow.
The arrow hits you.
Found a bubbling pink potion.
The quokka misses you.
The centaur shoots an arrow.
The arrow hits you. The quokka closely misses you. You furiously retaliate!
You headbutt the quokka. You open the large door.
The centaur shoots an arrow.
The arrow hits you!
The quokka bites you but does no damage.
The centaur shoots an arrow.
The arrow hits you. The goblin barely misses you. You furiously retaliate!
You headbutt the goblin!
You kill the goblin!
Trog accepts your kill.
The centaur shoots an arrow.
The arrow hits you!
* * * LOW HITPOINT WARNING * * *
You hear a shout!
There is a large open door here.
The quokka attacks as you move away!
The quokka bites you but does no damage.
There is a large open door here.
The quokka attacks as you move away! The quokka closely misses you.
You furiously retaliate!
You headbutt the quokka, but do no damage.
The quokka barely misses you.
The centaur shoots an arrow.
The arrow hits you!
You die...

#..........!# #...........#
#>..........# #...........#
. #...........###..
##########................
#..............##.........
#..............r'.........
###.............@##)........
..'..............''.........
###..............##.c.......
###..............##.........
......#'#####'#####.........
#####.#....##.# #.........
#.####.##.# #......... #.#
#.##.# #........ #.# #....#
.......


You could see a centaur and a quokka.

Vanquished Creatures
  Jessica (D:2)
  An iguana (D:4)
  4 gnolls (D:2)
  An adder (D:3)
  2 worms (D:2)
  5 dart slugs
  3 ball pythons
  9 endoplasms
  3 giant cockroaches
  7 goblins
  6 hobgoblins
  4 jackals (D:2)
  6 quokkas
  7 bats
  6 frilled lizards
  9 kobolds
  11 rats
85 creatures vanquished.

Notes
Turn   | Place    | Note
-------+----------+-------------------------------------------
     0 | D:1      | mampy3000 the Minotaur Berserker began the quest for the
                  | Orb.
     0 | D:1      | Reached XP level 1. HP: 19/19 MP: 0/0
    86 | D:1      | Reached XP level 2. HP: 27/27 MP: 1/1
   533 | D:1      | Reached ** piety under Trog
  1181 | D:2      | Reached XP level 3. HP: 34/34 MP: 2/2
  1202 | D:2      | Identified the +0 ring mail of the Slightly Bent {+Inv rC+
                  | Str-2 Dex+3}
  1304 | D:2      | Reached XP level 4. HP: 41/41 MP: 3/3
  1776 | D:2      | Noticed Jessica
  1783 | D:2      | Killed Jessica
  1784 | D:2      | Reached skill level 5 in Axes
  1784 | D:2      | Reached XP level 5. HP: 47/47 MP: 4/4
  1965 | D:2      | Reached *** piety under Trog
  2491 | D:2      | Identified the +7 whip "Afess" {heavy, +Blink rElec Will++
                  | Int+3}
  2598 | D:3      | Reached skill level 5 in Fighting
  2801 | D:3      | You fall into a shaft and drop 1 floor!
  3044 | D:4      | Noticed a centaur
  3053 | D:4      | Shot with an arrow by a centaur

Illustrated notes

Levels and vault maps discovered:
D:1:      spicycebolla_arrival_ecumenical, layout_basic, minmay_ruptured
D:2:      minmay_thinvault, layout_basic, hangedman_glass_teeth,
          grunt_decor_clamped, uniq_jessica
D:3:      layout_loops_corners, serial_shops,
          nicolae_shop_temple_entry_statues_fountains
D:4:      layout_basic, lemuel_coloured_pillars_altar

Skill      XL: |  1  2  3  4  5 |
---------------+----------------+-----
Fighting       | 4 5 |  5.0
Axes           | 4 5 |  5.4
Armour         | 3 |  3.3
Dodging        | 3 |  3.0
Maces & Flails | |  0.1
Stealth        | |  0.8

Action                   |  1- 3 |  4- 6 || total
-------------------------+-------+-------++-------
Melee: Hand axe          |    64 |    80 ||   144
       Headbutt          |     7 |    14 ||    21
       Whip              |       |    17 ||    17
Invok: Berserk           |     1 |     2 ||     3
  Use: Scroll            |       |     5 ||     5
Armor: Animal skin       |     8 |       ||     8
       Ring mail         |     3 |    31 ||    34
Dodge: Dodged            |    37 |    55 ||    92

Table legend: (Time is in decaauts)
 A = Elapsed time spent in this place.
 B = Non-inter-level travel time spent in this place.
 C = Inter-level travel time spent in this place.
 D = Time resting spent in this place.
 E = Time spent auto-exploring this place.
 F = Levels seen in this place.
 G = Mean time per level.
                   A        B        C        D        E       F      G
               +--------+--------+--------+--------+--------+-----+--------+
         Total |   3094 |   2984 |    110 |      0 |   2469 |   4 |  773.5 |
       Dungeon |   3094 |   2984 |    110 |      0 |   2469 |   4 |  773.5 |
               +--------+--------+--------+--------+--------+-----+--------+

Top non-repeatable levels by time:
     D:2: 1380 daAuts
     D:1: 1179 daAuts
     D:3: 280 daAuts
     D:4: 254 daAuts
